 Dungeon Crawl Stone Soup version 0.20-a0-642-g4ff03ff (webtiles) character file.

2472 nubinia the Cutter (level 9, -4/72 HPs)
             Began as a Demonspawn Gladiator on Feb 14, 2017.
             Was a Believer of Nemelex Xobeh.
             Slain by an orc warrior
             ... wielding a +0 glaive
              (28 damage)
             ... in a bailey.
             The game lasted 00:30:40 (6183 turns).

nubinia the Cutter (Demonspawn Gladiator)           Turns: 6183, Time: 00:30:42

Health: -4/72      AC: 11    Str: 17    XL:     9   Next: 26%
Magic:  0/9        EV: 15    Int: 11    God:    Nemelex Xobeh [**....]
Gold:   319        SH:  0    Dex: 16    Spells: 8/8 levels left

rFire    . . .     SeeInvis +   g - +3 short sword (protect)
rCold    + . .     Gourm    .   C - +3 leather armour
rNeg     . . .     Faith    .   (no shield)
rPois    .         Spirit   +   (helmet restricted)
rElec    .         Reflect  .   i - +1 cloak
rCorr    .         Harm     .   (no gloves)
MR       .....                  w - +0 pair of boots
Stlth    ++........             (no amulet)
Regen    0.3/turn               J - +3 ring of slaying
MPRegen  0.3/turn               l - ring of see invisible

@: no status effects
A: horns 1, slimy green scales 1, agile 1, cold resistance 1, low mp 1, robust
1, magic shield, magic regeneration, magic link
a: Renounce Religion


You were in a bailey.
You worshipped Nemelex Xobeh.
Nemelex Xobeh was pleased with you.
You were not hungry.

You visited 2 branches of the dungeon, and saw 8 of its levels.
You also visited: Bailey.

You collected 319 gold pieces.

Inventory:

Hand Weapons
 a - a +0 trident
 g - a +3 short sword of protection (weapon)
 K - a +2 dagger of draining
Missiles
 d - 3 throwing nets (quivered)
 e - 132 stones
Armour
 b - a +0 leather armour
 c - a +0 helmet
 i - a +1 cloak (worn)
 v - a +2 ring mail of magic resistance
 w - a +0 pair of boots (worn)
 C - a +3 leather armour (worn)
Jewellery
 l - a ring of see invisible (left hand)
 t - an uncursed amulet of the gourmand
 J - a +3 ring of slaying (right hand)
 L - an uncursed ring of ice
Wands
 r - a wand of disintegration (17/24)
 z - a wand of random effects (8/48)
Scrolls
 h - a scroll of teleportation
 j - 2 scrolls of remove curse
 m - a scroll of amnesia
 p - a scroll of fear
 q - 5 scrolls of recharging
 x - a scroll of enchant armour
Potions
 n - 2 potions of haste
 o - 2 potions of curing
 A - a potion of mutation
 D - a potion of flight {unknown}
 F - a potion of degeneration {unknown}
 G - a potion of heal wounds
 H - a potion of ambrosia {unknown}
Miscellaneous
 I - a plain deck of destruction {drawn: 3}
Comestibles
 f - 3 bread rations
 k - 6 fruits
 s - 2 royal jellies
 u - 2 meat rations
 B - 3 chunks of flesh


   Skills:
 + Level 4.7 Fighting
 + Level 7.9 Short Blades
 + Level 3.2 Polearms
 + Level 2.0 Throwing
 + Level 3.2 Armour
 + Level 5.3 Dodging
 + Level 3.2 Stealth
 + Level 1.3 Invocations
 + Level 1.0 Evocations


You had 8 spell levels left.
You didn't know any spells.

Dungeon Overview and Level Annotations

Branches:
Dungeon (7/15)             Temple (1/1) D:4

Altars:
Ashenzari
Dithmenos
Elyvilon
Fedhas
Gozag
Hepliaklqana
Kikubaaqudgha
Nemelex Xobeh
Qazlal
Ru
Sif Muna
Trog
Uskayaw
Xom
Yredelemnul
Zin

Shops:
D:4 %

Annotations:
D:4 Grinder


Innate Abilities, Weirdness & Mutations

You are partially covered in slimy green scales. (AC +2)
Your flesh is cold resistant. (rC+)
When hurt, damage is shared between your health and your magic reserves.
You regenerate magic rapidly.
When low on magic, you restore magic in place of health.
You have a pair of small horns on your head.
You are agile. (Dex +2)
Your magical capacity is low. (-10% MP)
You are robust. (+10% HP)


Message History

The glob of acid misses the orc knight.
The orc warrior barely misses you.
Unknown command.
Evoke which item? (* to show all) (? for menu, Esc to quit)
You draw a card...
It is the Storm.
A fierce wind blows from the card.
The monsters around you are blown away!
The orc knight is struck by lightning.
The orc knight hits you but does no damage.
An orc warrior comes into view. It is wielding a glaive.
Unknown command.
You barely miss the orc warrior. Your headbutt misses the orc warrior.
The orc warrior hits you with a glaive!
Unknown command.
You swap places.
Your air elemental closely misses the orc warrior.
The orc warrior is struck by lightning.
Your air elemental barely misses the orc warrior.
The orc knight roars a battlecry!
The orc warriors go into a battle-frenzy!
The orc warrior hits you from afar with a glaive!!
You die...
Your body disappears without a glow.

......≈≈#.#≈≈........())....≈≈#.#
(.....≈##.##≈........)).....≈##.#
(.....≈..^..≈..........)....≈..^.
(.....≈##.##≈...............≈##.#
(.....≈≈#.#≈≈....#######....≈≈#.#
(......≈≈≈≈≈....##§oo§##.....≈≈≈≈
...............##.o§§§##.........
..............##.E# #.........
(.............#§@## #..##.....
.............##.### ###.##.....
.............##§'.# #.'.##.....
.............##(### ###.##.....
.............##.')# #.'.##.....
.............##(#########.##.....
..............#..##)#)##..#......
..............##..#'#'#..##......
...............##.......##.......


You could see an orc knight, 2 orc warriors and a friendly air elemental.

Vanquished Creatures
  Eustachio (D:5)
  Edmund (D:5)
  Menkaure (D:5)
  5 orc warriors (Bailey)
  A sky beast (D:6)
  An ogre (D:4)
  A big kobold (D:7)
  A bullfrog (D:6)
  2 scorpions
  4 howler monkeys
  2 crimson imps
  2 orc priests
  3 hounds
  3 orc wizards
  A gnoll shaman (D:7)
  Ijyb (D:3)
  2 iguanas
  7 worker ants
  2 hound skeletons (D:4)
  A howler monkey zombie (D:7)
  4 gnolls (D:7)
  9 adders
  A howler monkey skeleton (D:6)
  A shadow imp (D:6)
  An ooze (D:4)
  An adder zombie (D:5)
  An adder skeleton (D:4)
  3 worms
  14 dart slugs
  6 leopard geckos
  28 orcs
  2 ball pythons
  3 giant cockroaches
  6 goblins
  11 hobgoblins
  11 jackals
  4 quokkas
  11 bats
  3 frilled lizards
  A giant cockroach zombie (D:5)
  12 kobolds
  A leopard gecko skeleton (D:4)
  4 rats
180 creatures vanquished.

Vanquished Creatures (others)
  An orc warrior (Bailey)
1 creature vanquished.

Grand Total: 181 creatures vanquished

Notes
Turn   | Place    | Note
-------+----------+-------------------------------------------
     0 | D:1      | nubinia the Demonspawn Gladiator began the quest for the Orb.
     0 | D:1      | Reached XP level 1. HP: 16/16 MP: 1/1
   260 | D:1      | Gained mutation: You are partially covered in slimy green scales. (AC +2) [demonic ancestry]
   260 | D:1      | Reached XP level 2. HP: 22/22 MP: 2/2
   717 | D:1      | Gained mutation: Your magical capacity is low. (-10% MP) [potion of mutation]
   717 | D:1      | Gained mutation: You have a pair of small horns on your head. [potion of mutation]
   717 | D:1      | Gained mutation: You are robust. (+10% HP) [potion of mutation]
   717 | D:1      | Gained mutation: You are agile. (Dex +2) [potion of mutation]
   830 | D:1      | Reached XP level 3. HP: 29/29 MP: 2/2
  1089 | D:2      | Reached skill level 1 in Short Blades
  1392 | D:2      | Found a hazy altar of Hepliaklqana.
  1475 | D:2      | Reached XP level 4. HP: 26/36 MP: 3/3
  1600 | D:3      | Noticed Ijyb
  1604 | D:3      | Killed Ijyb
  1629 | D:3      | Reached skill level 2 in Short Blades
  1629 | D:3      | Reached skill level 1 in Armour
  1709 | D:3      | Gained mutation: Your flesh is cold resistant. (rC+) [demonic ancestry]
  1709 | D:3      | Reached XP level 5. HP: 40/42 MP: 4/4
  1942 | D:3      | Reached skill level 1 in Stealth
  2554 | D:4      | Noticed Grinder
  2582 | D:3      | Reached skill level 3 in Short Blades
  2582 | D:3      | Gained mutation: When hurt, damage is shared between your health and your magic reserves. [demonic ancestry]
  2582 | D:3      | Reached XP level 6. HP: 46/50 MP: 5/5
  2868 | D:4      | Found a shadowy altar of Dithmenos.
  2951 | D:4      | Found a staircase to the Ecumenical Temple.
  2981 | Temple   | Entered the Ecumenical Temple
  2989 | Temple   | Became a worshipper of Nemelex Xobeh the Trickster
  3071 | Temple   | Received a gift from Nemelex Xobeh
  3272 | D:4      | Found Yvvybac's Food Boutique.
  3299 | D:4      | Reached skill level 4 in Short Blades
  3299 | D:4      | Gained mutation: You regenerate magic rapidly. [demonic ancestry]
  3299 | D:4      | Reached XP level 7. HP: 53/57 MP: 6/6
  3344 | D:5      | Entered Level 5 of the Dungeon
  3344 | D:5      | Noticed Eustachio
  3452 | D:5      | Noticed Menkaure
  3459 | D:5      | Killed Menkaure
  3465 | D:5      | Noticed Edmund
  3551 | D:5      | Killed Edmund
  3551 | D:5      | Reached skill level 5 in Short Blades
  3630 | D:5      | Found an ancient bone altar of Kikubaaqudgha.
  3940 | D:5      | Killed Eustachio
  3940 | D:5      | Reached XP level 8. HP: 53/66 MP: 7/7
  3953 | D:5      | Found a hide-covered altar of Uskayaw.
  4075 | D:5      | Reached skill level 6 in Short Blades
  4424 | D:6      | Found a blossoming altar of Fedhas.
  4456 | D:6      | Reached * piety under Nemelex Xobeh
  4456 | D:6      | Received a gift from Nemelex Xobeh
  4548 | D:6      | Reached skill level 5 in Dodging
  4567 | D:6      | Found a sacrificial altar of Ru.
  5210 | D:7      | Reached ** piety under Nemelex Xobeh
  5234 | D:7      | Reached skill level 7 in Short Blades
  5264 | D:7      | Found a flagged portal.
  5303 | Bailey   | Entered a bailey
  5523 | Bailey   | Gained mutation: When low on magic, you restore magic in place of health. [demonic ancestry]
  5523 | Bailey   | Reached XP level 9. HP: 48/72 MP: 8/8
  5818 | Bailey   | Reached skill level 1 in Invocations
  6155 | Bailey   | Reached skill level 1 in Evocations
  6174 | Bailey   | Noticed an orc knight
  6183 | Bailey   | Slain by an orc warrior

Vault maps used:
D:1:      onia_arrival_mini_spirals, patterned_corridor
D:2:      nicolae_overflow_crystal_walls
D:3:      kennysheep_slugbush, first_bread, minmay_misc_feat_x, uniq_iyjb
D:4:      lemuel_round_altar, minmay_temple_entry_overgrown, serial_shops,
          kennysheep_mini_moat, uniq_grinder
D:5:      old_standard_altar, eat_drink_and_be_merry_uskayaw, uniq_edmund,
          uniq_menkaure, uniq_eustachio
D:6:      overflow_temple_1_default, lemuel_crystal_altar,
          kennysheep_generic_room_12
D:7:      enter_bailey_2, grunt_ogre_cave, grunt_potential
Temple:   dpeg_chambers_temple
Bailey:   bailey_polearm_2, bailey

Skill      XL: |  1  2  3  4  5  6  7  8  9 |
---------------+----------------------------+-----
Polearms       | 3 |  3.2
Dodging        | 3 4 5 |  5.3
Throwing       | 2 |  2.0
Short Blades   | 1 2 3 4 5 7 |  7.9
Armour         | 1 2 3 |  3.2
Stealth        | 1 2 3 |  3.2
Fighting       | 3 4 |  4.7
Invocations    | 1 |  1.3
Evocations     | 1 |  1.0

Action                   |  1- 3 |  4- 6 |  7- 9 || total
-------------------------+-------+-------+-------++-------
Melee: Trident           |    27 |       |       ||    27
       Short sword       |   134 |   182 |   330 ||   646
       Headbutt          |    13 |    37 |    70 ||   120
Evoke: Wand              |       |       |     5 ||     5
       Deck              |       |       |    11 ||    11
  Use: Scroll            |     6 |     2 |     6 ||    14
       Potion            |     2 |       |     1 ||     3
 Stab: Sleeping          |     3 |     2 |     5 ||    10
       Distracted        |       |     1 |       ||     1
  Eat: Chunk             |     2 |     6 |     9 ||    17
Armor: Leather armour    |    62 |    64 |    95 ||   221
Dodge: Dodged            |    96 |    95 |   222 ||   413
